 Dungeon Crawl Stone Soup version 0.20.0-10-g0535bb4 (webtiles) character file.

20992 skittles the Archer (level 12, -3/87 HPs)
             Began as a Pale Draconian Fire Elementalist on June 3, 2017.
             Was an Elder of Okawaru.
             Slain by a fire elemental (13 damage)
             ... led by Azrael
             ... on level 12 of the Dungeon.
             The game lasted 01:21:16 (19559 turns).

skittles the Archer (DrFE)                         Turns: 19559, Time: 01:21:16

Health: -3/87      AC: 14    Str: 11    XL:     12   Next: 50%
Magic:  22/22      EV: 15    Int: 18    God:    Okawaru [****..]
Gold:   886        SH:  0    Dex: 14    Spells: 10/25 levels left

rFire    . . .     SeeInvis .   b - +10 shortbow of Disobysu {flame, rC+}
rCold    + . .     Gourm    .   (shield currently unavailable)
rNeg     . . .     Faith    .   (armour unavailable)
rPois    .         Spirit   .   (helmet restricted)
rElec    .         Reflect  .   H - +0 cloak
rCorr    .         Harm     .   E - +1 pair of gloves
MR       +....                  p - +2 pair of boots {Fly}
Stlth    ++........             (no amulet)
Regen    0.3/turn               x - ring of protection from magic
MPRegen  0.2/turn               M - +3 ring of slaying

@: about to teleport, singing, flying
A: breathe steam, unfitting armour, antennae 1, frail 1, screaming 1,
cold-blooded, AC +8
a: Breathe Steam, Heroism, Renounce Religion, Stop Flying


You were on level 12 of the Dungeon.
You worshipped Okawaru.
Okawaru was greatly pleased with you.
You were not hungry.

You visited 1 branch of the dungeon, and saw 12 of its levels.
You also visited: Sewer and Ossuary.

You collected 886 gold pieces.

Inventory:

Hand Weapons
 a - the +10 trident of Articulation {pierce, rElec rN+ Str+3 SInv}
   (You found it on level 10 of the Dungeon)

   It inflicts extra damage upon your enemies.
   It affects your strength (+3).
   It insulates you from electricity.
   It protects you from negative energy.
   It lets you see invisible.
 b - the +10 shortbow of Disobysu (weapon) {flame, rC+}
   (You acquired it in a sewer)

   It causes projectiles fired from it to burn those they strike, causing extra
   injury to most foes and up to half again as much damage against particularly
   susceptible opponents.
   It protects you from cold.
Missiles
 y - 217 arrows (quivered)
Armour
 o - the +3 hat of Pondering {ponderous, MR+ MP+10 Int+5}
   (You found it on level 4 of the Dungeon)

   It affects your intelligence (+5).
   It affects your resistance to hostile enchantments.
   It affects your magic capacity (+10).
 p - a +2 pair of boots of flying (worn)
 t - a +0 buckler
 E - a +1 pair of gloves (worn)
 H - a +0 cloak (worn)
Jewellery
 e - an uncursed ring of flight
 i - an uncursed ring of ice
 m - a +3 ring of protection
 x - a ring of protection from magic (left hand)
 D - a +3 ring of evasion
 M - a +3 ring of slaying (right hand)
 O - a +4 ring of strength
 T - an uncursed ring of fire {unknown}
Wands
 j - a wand of polymorph (10/24)
 q - a wand of confusion (43/48)
 A - a wand of flame (26/48)
 G - a wand of paralysis (11/24)
Scrolls
 c - 8 scrolls of teleportation
 f - 6 scrolls of remove curse
 h - a scroll of fog
 k - 4 scrolls of enchant weapon
 l - 3 scrolls of magic mapping
 v - a scroll of recharging
 I - a scroll of fear
 K - a scroll of random uselessness {unknown}
 N - a scroll of silence {unknown}
 P - 2 scrolls of enchant armour {unknown}
 Q - a scroll of summoning
Potions
 d - a potion of heal wounds
 g - 4 potions of curing
 r - a potion of ambrosia
 s - a potion of lignification
 z - 4 potions of brilliance
 B - a potion of invisibility
 C - 2 potions of flight
 L - 3 potions of resistance
 S - 2 potions of haste
Books
 n - a book of Flames

   Spells                             Type                      Level
   a - Flame Tongue                   Conjuration/Fire             1
   b - Throw Flame                    Conjuration/Fire             2
   c - Conjure Flame                  Conjuration/Fire             3
   d - Inner Flame                    Hexes/Fire                   3
   e - Sticky Flame                   Conjuration/Fire             4
   f - Fireball                       Conjuration/Fire             5
 R - a book of Battle

   Spells                             Type                      Level
   a - Infusion                       Charms                       1
   b - Shroud of Golubria             Charms/Translocation         2
   c - Song of Slaying                Charms                       2
   d - Spectral Weapon                Hexes/Charms                 3
   e - Regeneration                   Charms/Necromancy            3
Comestibles
 u - 8 bread rations
 w - 3 meat rations
 F - 4 fruits
 J - 6 royal jellies


   Skills:
 - Level 6.4 Fighting
 - Level 1.1 Polearms
 + Level 10.9 Bows
 - Level 5.5 Dodging
 - Level 1.7 Stealth
 - Level 7.0 Spellcasting
 - Level 9.0 Conjurations
 + Level 4.0 Charms
 - Level 10.2 Fire Magic


You had 10 spell levels left.
You knew the following spells:

 Your Spells              Type           Power        Failure   Level  Hunger
a - Flame Tongue          Conj/Fire      #####        1%          1    None
b - Conjure Flame         Conj/Fire      #####...     1%          3    ##.....
c - Sticky Flame          Conj/Fire      #####...     1%          4    ####...
d - Fireball              Conj/Fire      #####.....   5%          5    #####..
e - Song of Slaying       Chrm           ###.....     3%          2    None


Dungeon Overview and Level Annotations

Branches:
Dungeon (12/15)            Temple (0/1) D:6            Lair (0/6) D:8
    Orc (0/2) D:12

Altars:
Okawaru
Qazlal
Ru
Sif Muna

Shops:
D:6 (:=[   D:9 [   D:10 %

Annotations:
D:12 Azrael


Innate Abilities, Weirdness & Mutations

You can breathe blasts of scalding, opaque steam.
Your pale cyan-grey scales are hard. (AC +8)
You cannot fit into any form of body armour.
You are cold-blooded and may be slowed by cold attacks.
You have a pair of small antennae on your head.
You are frail. (-10% HP)
You occasionally shout uncontrollably at your foes.


Message History

The fire elemental hits you. The fire elemental burns you!
Firing (i - inventory):
y - 218 arrows (quivered)
Press: ? - help, Shift-Dir - straight line, f/p - fire elemental
Aim: a fire elemental (severely damaged)
You shoot an arrow.
The arrow completely misses the fire elemental.
The fire elemental hits you. The fire elemental burns you!
The fire elemental hits you. The fire elemental burns you!
* * * LOW HITPOINT WARNING * * *
Azrael's eyes look fiery.
Azrael gestures at you.
The fireball explodes!
The fireball engulfs the fire elemental.
The fire elemental completely resists.
The fireball engulfs you!
* * * LOW HITPOINT WARNING * * *
The fire elemental misses you.
As you read the scroll of teleportation, it crumbles to dust.
You feel strangely unstable. The fire elemental hits you.
The fire elemental burns you!
You die...

#...>.....)§..##...#########...#.
..#..##)###§####...##......#.....
#...###..(#§# #...........#.....
.......##..#####...........#.).##
).#..#....#R#.##...........#...#
...##.#..##.§.#######......#...#
###...##.#.#.###....#......'...##
#..###.......§##....####'###.....
##.# ##..##...§#@................
...# #.#.#..#.E.................
.### ###.######...[...........##
#.########### #...............##
............# ##..............##
.......###..#####..............##
.............)...................
#################################


You could see a fire elemental.

Vanquished Creatures
  Snorg (D:10)
  2 two-headed ogres
  6 slime creatures
  2 cyclopes
  2 ugly things
  Maurice (D:8)
  Joseph (D:8)
  A gargoyle (D:10)
  2 komodo dragons
  A troll (D:12)
  A hippogriff (D:7)
  Grinder (D:4)
  Prince Ribbit (D:8)
  5 fire elementals (D:12)
  Sigmund (D:3)
  A wyvern (D:12)
  2 basilisks (D:8)
  A wraith (D:11)
  4 hogs (D:9)
  A human (D:9)
  13 yaks
  A hungry ghost (D:9)
  A steam dragon (D:12)
  Grum (D:10)
  A warg (D:12)
  An acid dragon (D:11)
  8 orc warriors
  4 porcupines (D:8)
  Purgy (Sewer)
  3 phantoms
  9 ogres
  3 ice beasts
  6 sky beasts
  An eye of draining (D:10)
  4 wolves (D:10)
  4 centaurs
  4 crocodiles
  4 big kobolds
  2 elf zombies (Ossuary)
  Blork the orc (D:5)
  6 bullfrogs
  2 wyvern skeletons
  A scorpion (D:4)
  6 killer bees (D:10)
  3 electric eels (D:8)
  5 wights (D:9)
  4 crimson imps
  2 centaur zombies (Ossuary)
  2 quasits
  19 jellies
  11 hounds
  14 orc wizards
  A bullfrog skeleton (D:6)
  2 centaur skeletons
  8 orc priests
  2 human zombies (Ossuary)
  Ijyb (D:5)
  7 iguanas
  Natasha (thrice) (D:3)
  14 worker ants
  A hound zombie (D:5)
  2 hound skeletons
  2 howler monkey zombies
  3 mummies
  2 worker ant zombies
  Robin (D:3)
  2 howler monkey skeletons
  9 adders
  5 gnolls
  A river rat (D:6)
  6 shadow imps
  20 oozes
  An adder zombie (Ossuary)
  3 adder skeletons
  8 worms
  3 dart slugs
  5 leopard geckos
  50 orcs
  6 bats
  5 giant cockroaches
  13 goblins
  12 hobgoblins
  15 jackals
  7 quokkas
  4 ball pythons
  13 frilled lizards
  2 goblin zombies
  4 hobgoblin zombies
  2 jackal zombies
  15 kobolds
  10 kobold zombies (Ossuary)
  A leopard gecko skeleton (D:9)
  13 orc zombies (Ossuary)
  A quokka skeleton (D:4)
  A quokka zombie (D:9)
  11 rats
  A rat zombie (Ossuary)
482 creatures vanquished.

Vanquished Creatures (others)
  4 fungi
  5 toadstools (D:6)
9 creatures vanquished.

Grand Total: 491 creatures vanquished

Notes
Turn   | Place    | Note
-------+----------+-------------------------------------------
     0 | D:1      | skittles the Draconian Fire Elementalist began the quest for the Orb.
     0 | D:1      | Reached XP level 1. HP: 14/14 MP: 3/3
   132 | D:1      | Reached XP level 2. HP: 6/22 MP: 1/5
   365 | D:1      | Reached skill level 1 in Fighting
   918 | D:1      | Reached XP level 3. HP: 26/28 MP: 6/6
  1525 | D:2      | Learned a level 3 spell: Conjure Flame
  1974 | D:2      | Reached XP level 4. HP: 32/36 MP: 4/7
  2076 | D:2      | Found a faded altar of an unknown god.
  2152 | D:2      | Found a deep blue altar of Sif Muna.
  2442 | D:3      | Noticed Natasha
  2449 | D:3      | Killed Natasha
  2485 | D:3      | Noticed Natasha
  3166 | D:3      | Reached XP level 5. HP: 39/42 MP: 0/8
  3219 | D:3      | HP: 2/42 [Natasha/magic dart (6)]
  3437 | D:3      | Killed Natasha
  3456 | D:3      | Noticed Natasha
  3600 | D:3      | Killed Natasha
  3774 | D:3      | Noticed Sigmund
  3861 | D:2      | Learned a level 4 spell: Sticky Flame
  4373 | D:3      | Killed Sigmund
  4373 | D:3      | Reached XP level 6. HP: 36/51 MP: 0/9
  4469 | D:3      | Noticed Robin
  4483 | D:3      | Killed Robin
  4903 | D:4      | Found a sand-covered staircase.
  5119 | Ossuary  | Entered an ossuary
  5457 | Ossuary  | Gained mutation: You are dopey. (Int -2) [potion of mutation]
  5457 | Ossuary  | Gained mutation: You are robust. (+10% HP) [potion of mutation]
  5490 | Ossuary  | HP: 2/57 [human zombie (5)]
  5498 | Ossuary  | HP: 1/85 [human zombie (3)]
  5532 | Ossuary  | Your scales start taking on a pale cyan-grey colour.
  5532 | Ossuary  | Reached skill level 5 in Fire Magic
  5532 | Ossuary  | Reached XP level 7. HP: 17/64 MP: 0/10
  6453 | D:4      | Lost mutation: You are dopey. (Int -2) [potion of mutation]
  6453 | D:4      | Lost mutation: You are robust. (+10% HP) [potion of mutation]
  6453 | D:4      | Gained mutation: You occasionally shout uncontrollably at your foes. [potion of mutation]
  6453 | D:4      | Gained mutation: You are frail. (-10% HP) [potion of mutation]
  6453 | D:4      | Gained mutation: You have a pair of small antennae on your head. [potion of mutation]
  6488 | D:4      | Noticed Grinder
  6511 | D:4      | Killed Grinder
  6511 | D:4      | Reached skill level 5 in Fighting
  6712 | D:4      | Reached XP level 8. HP: 38/61 MP: 0/11
  7891 | D:5      | Entered Level 5 of the Dungeon
  7956 | D:5      | Noticed Ijyb
  7969 | D:5      | Killed Ijyb
  8242 | D:5      | Reached skill level 5 in Dodging
  8528 | D:5      | Noticed Blork the orc
  8542 | D:5      | Killed Blork the orc
  8555 | D:5      | Reached skill level 5 in Conjurations
  9028 | D:6      | Found Ahuup's Assorted Antiques.
  9135 | D:6      | Found a sacrificial altar of Ru.
  9177 | D:6      | Found a glowing drain.
  9196 | Sewer    | Entered a sewer
  9233 | Sewer    | Noticed Purgy
  9247 | Sewer    | Killed Purgy
  9324 | Sewer    | Identified a scroll of acquirement
  9325 | Sewer    | Got a fine shortbow
  9326 | Sewer    | Identified the +10 shortbow of Disobysu {flame, rC+} (You acquired it in a sewer)
  9379 | D:6      | Found Tyturokh's Book Shop.
  9430 | D:6      | Found Cebed's Weapon Emporium.
  9443 | D:6      | Reached XP level 9. HP: 70/70 MP: 12/12
  9725 | D:6      | Reached skill level 1 in Bows
  9834 | D:6      | Found Loiko's Armour Shoppe.
 10251 | D:6      | Killed a large slime creature
 10802 | D:6      | Found a staircase to the Ecumenical Temple.
 10826 | D:6      | Found Cutaoruc's Jewellery Shoppe.
 11455 | D:7      | Reached XP level 10. HP: 66/75 MP: 16/16
 11478 | D:7      | Learned a level 5 spell: Fireball
 11736 | D:7      | Found a stormy altar of Qazlal.
 12038 | D:8      | Found an iron altar of Okawaru.
 12069 | D:8      | Noticed a two-headed ogre
 12208 | D:8      | Noticed Joseph
 12220 | D:7      | Killed a two-headed ogre
 12220 | D:7      | Reached skill level 5 in Bows
 12220 | D:7      | Reached skill level 5 in Spellcasting
 12479 | D:8      | Killed Joseph
 12780 | D:8      | Noticed Maurice
 12886 | D:8      | Killed Maurice
 13434 | D:8      | Found a staircase to the Lair.
 13572 | D:8      | Reached XP level 11. HP: 81/81 MP: 20/20
 13590 | D:8      | Noticed Prince Ribbit
 13601 | D:8      | Killed Prince Ribbit
 13942 | D:8      | Became a worshipper of Warmaster Okawaru
 15133 | D:9      | Found Geynupp's Specialty Armours.
 15140 | D:9      | Reached * piety under Okawaru
 15272 | D:10     | Entered Level 10 of the Dungeon
 15381 | D:10     | Found Bacruobb's Food Shoppe.
 15386 | D:10     | Noticed Snorg
 15397 | D:10     | Killed Snorg
 15579 | D:10     | Reached ** piety under Okawaru
 16003 | D:10     | Noticed Grum
 16029 | D:10     | Killed Grum
 16029 | D:10     | Reached skill level 10 in Fire Magic
 16999 | D:10     | Got a transparent trident
 17000 | D:10     | Identified the +10 trident of Articulation {pierce, rElec rN+ Str+3 SInv} (You found it on level 10 of the Dungeon)
 17256 | D:10     | Reached skill level 1 in Polearms
 17811 | D:11     | Noticed a brown ugly thing
 17817 | D:11     | Killed a brown ugly thing
 17817 | D:11     | Reached *** piety under Okawaru
 18199 | D:12     | Reached XP level 12. HP: 87/87 MP: 22/22
 18345 | D:12     | Reached skill level 10 in Bows
 18426 | D:12     | Received a gift from Okawaru
 18457 | D:12     | Found a staircase to the Orcish Mines.
 18561 | D:12     | Learned a level 2 spell: Song of Slaying
 18712 | D:12     | Reached skill level 1 in Charms
 18892 | D:12     | Reached **** piety under Okawaru
 19011 | D:12     | Noticed Azrael
 19405 | D:12     | Noticed a two-headed ogre
 19408 | D:12     | Killed a two-headed ogre
 19559 | D:12     | Slain by a fire elemental

Skill      XL: |  1  2  3  4  5  6  7  8  9 10 11 12 |
---------------+-------------------------------------+-----
Fighting       | 1 2 3 4 5 6 |  6.4
Dodging        | 2 3 4 5 |  5.5
Conjurations   | 2 3 4 5 7 8 9 |  9.0
Fire Magic     | 4 5 7 8 10 | 10.2
Bows           | 3 6 9 10 | 10.9
Spellcasting   | 4 6 7 |  7.0
Polearms       | 1 |  1.1
Charms         | 4 |  4.0
Stealth        | |  1.7

Action                   |  1- 3 |  4- 6 |  7- 9 | 10-12 || total
-------------------------+-------+-------+-------+-------++-------
Melee: Club              |    23 |       |       |       ||    23
       Whip              |    68 |       |       |       ||    68
       Tailslap          |     5 |    26 |    30 |    19 ||    80
       Spear             |    15 |   177 |       |       ||   192
       Dagger            |       |    85 |   346 |   176 ||   607
       Scythe            |       |     6 |       |       ||     6
       Trident           |       |       |       |    24 ||    24
 Fire: Shortbow          |       |       |       |   442 ||   442
 Cast: Flame Tongue      |    41 |    95 |   198 |    71 ||   405
       Conjure Flame     |       |     2 |     4 |     2 ||     8
       Sticky Flame      |       |     1 |    24 |    48 ||    73
       Song of Slaying   |       |       |       |     4 ||     4
 Abil: Breathe Steam     |       |       |       |     1 ||     1
       Evoke Flight      |       |       |       |     1 ||     1
  Use: Potion            |       |     5 |     1 |     1 ||     7
       Scroll            |       |       |    11 |     8 ||    19
 Stab: Sleeping          |     3 |     5 |     4 |       ||    12
       Distracted        |       |       |     3 |     1 ||     4
  Eat: Chunk             |     4 |    11 |    22 |    28 ||    65
       Royal jelly       |       |     1 |       |       ||     1
       Meat ration       |       |       |     1 |       ||     1
       Fruit             |       |       |       |     4 ||     4
Armor: Skin              |    39 |   122 |   153 |   141 ||   455
Dodge: Dodged            |    73 |   250 |   328 |   287 ||   938
